 Dungeon Crawl Stone Soup version 0.19.1-1-g22dce08 (webtiles) character file.

54 Jynx the Grasshopper (level 3, -5/33 HPs)
             Began as a Naga Warper on Jan 20, 2017.
             Slain by a worm (8 damage)
             ... on level 2 of the Dungeon.
             The game lasted 00:06:26 (2130 turns).

Jynx the Grasshopper (Naga Warper)                  Turns: 2130, Time: 00:06:26

Health: -5/33      AC:  2    Str: 14    XL:     3   Next: 91%
Magic:  4/6        EV:  9    Int: 13    God:
Gold:   48         SH:  0    Dex: 10    Spells: 2 memorised, 2 levels left

rFire  . . .     SeeInvis +     a - +0 falchion
rCold  . . .     Gourm    .     b - +0 leather armour
rNeg   . . .     Faith    .     (no shield)
rPois  +         Spirit   .     (no helmet)
rElec  .         Reflect  .     (no cloak)
rCorr  .         Harm     .     (no gloves)
MR     .....                    (no barding)
Stlth  +.........               (no amulet)
                                (no ring)
                                (no ring)

@: very slow
A: see invisible, deformed body, poison resistance, slowness 2, slow metabolism
1, spit poison 1, AC +1
a: Spit Poison


You were on level 2 of the Dungeon.
You were not hungry.

You visited 1 branch of the dungeon, and saw 2 of its levels.

You collected 48 gold pieces.

Inventory:

Hand Weapons
 a - a +0 falchion (weapon)
Missiles
 e - 5 tomahawks of dispersal (quivered)
Armour
 b - a +0 leather armour (worn)
Scrolls
 d - 4 scrolls of blinking
 g - 2 scrolls of identify {unknown}
 h - 2 scrolls of noise {unknown}
 i - a scroll of magic mapping {unknown}
 m - a scroll of random uselessness {unknown}
Potions
 k - a potion of degeneration {unknown}
Books
 c - a book of Spatial Translocations

   Spells                             Type                      Level
   a - Blink                          Translocation                2
   b - Shroud of Golubria             Charms/Translocation         2
   c - Lesser Beckoning               Translocation                3
   d - Portal Projectile              Translocation                3
   e - Teleport Other                 Translocation                3
   f - Passage of Golubria            Translocation                4
Comestibles
 f - 2 bread rations
 j - a meat ration


   Skills:
 + Level 2.5 Fighting
 * Level 3.0 Long Blades
 + Level 1.2 Throwing
 - Level 0.7 Armour
 + Level 1.9 Dodging
 + Level 2.2 Spellcasting
 + Level 3.0 Translocations


You had 2 spell levels left.
You knew the following spells:

 Your Spells              Type           Power        Failure   Level  Hunger
a - Blink                 Tloc           N/A          14%         2    ###....
b - Shroud of Golubria    Chrm/Tloc      #.........   28%         2    ###....


Dungeon Overview and Level Annotations

Branches:
Dungeon (2/15)

Altars:


Innate Abilities, Weirdness & Mutations

You cannot wear boots.
Your serpentine skin is tough. (AC +1)
You have supernaturally acute eyesight. (SInv)
Armour fits poorly on your strangely shaped body.
Your system is resistant to poisons. (rPois)
You cover ground very slowly.
You have a slow metabolism.
You can spit poison.


Message History

You barely miss the worm.
The worm is severely wounded.
Casting: Shroud of Golubria
Confirm with . or Enter, or press ? or * to list all spells.
Space distorts slightly along a thin shroud covering your body.
The worm barely misses you.
You barely miss the worm.
The worm is severely wounded.
The worm bites you!
* * * LOW HITPOINT WARNING * * *
You are too injured to fight recklessly!
You hit the worm.
The worm is severely wounded.
The worm barely misses you.
You completely miss the worm.
The worm is severely wounded.
You hit the worm.
The worm is severely wounded.
The worm bites you!
You die...

################
#............@.#
##.###########w#
#.# ...
######### #.#
....(....#
#.......### #.#
.........#
#..[....'.. #.#
.........#
#.......### #.#
.........#
#.......# #.#
.........#
#.......# #.#
.........#
#.......#


You could see a worm.

Vanquished Creatures
  An adder (D:2)
  2 dart slugs
  2 leopard geckos (D:1)
  8 bats
  2 giant cockroaches
  5 goblins
  3 hobgoblins
  4 jackals (D:1)
  A quokka (D:2)
  2 frilled lizards (D:2)
  2 kobolds
  8 rats
40 creatures vanquished.

Notes
Turn   | Place    | Note
-------+----------+-------------------------------------------
     0 | D:1      | Jynx the Naga Warper began the quest for the Orb.
     0 | D:1      | Reached XP level 1. HP: 19/19 MP: 3/3
    88 | D:1      | Reached skill level 1 in Throwing
   110 | D:1      | Reached XP level 2. HP: 14/26 MP: 5/5
   641 | D:1      | Reached XP level 3. HP: 17/33 MP: 6/6
  1153 | D:2      | Learned a level 2 spell: Blink
  1156 | D:2      | Learned a level 2 spell: Shroud of Golubria
  2130 | D:2      | Slain by a worm

Skill      XL: |  1  2  3 |
---------------+----------+-----
Throwing       | 1 |  1.2
Long Blades    | 3 |  3.0
Fighting       | |  2.5
Armour         | |  0.7
Dodging        | |  1.9
Spellcasting   | |  2.2
Translocations | |  3.0

Action                   || total
-------------------------++-------
Melee: Falchion          ||   138
 Cast: Shroud of Golubri ||     4
  Eat: Chunk             ||     3
Armor: Leather armour    ||    45
Dodge: Dodged            ||    78
       Rpst.: Falchion   ||    25
